AoeStats
← RexConquistadorLex

Arena

510005707Analyzed
4v4 RM · 2d ago on Sep 29, 2026· 53m 33s· 8 players
Game mode
Random Map
Map size
Large (8 player)
Population
200
Speed
Normal
Resources
Standard
Victory
Conquest
Starting age
Dark Age
Ending age
Imperial Age
RankedLock teamsTeams togetherTeam positionsShared explorationLock speedFull tech treeHidden civsTurbo modeCheats
Victory
Defeat
🇺🇸 Spanish · United States
1123
+14
🇵🇪 Poles · Peru
1120
+15
🇧🇷 Magyars · Brazil
1117
+30
🇰🇷 Persians · South Korea
1091
+16
🇺🇸 Poles · United States
1141
-17
🇦🇷 Franks · Argentina
1115
-16
1059
-14
🇺🇸 Turks · United States
1040
-13
aggief22raptor
15:05 Feudal Age
13:20 Loom
18:49 Castle Age
23:12 Imperial Age
20:51 Padded Archer Armor
20:58 Double-Bit Axe
28:08 Fortified Wall
34:29 Leather Archer Armor
39:38 Squires
42:21 Ring Archer Armor
44:16 Forging
44:11 Scale Barding Armor
44:41 Bloodlines
44:33 Husbandry
The Viper (Minus quick walls)
9:18 Loom
11:04 Feudal Age
tallshanks
10:29 Feudal Age
15:48 Castle Age
13:50 Double-Bit Axe
15:02 Loom
15:06 Horse Collar
17:41 Bow Saw
20:23 Fletching
23:18 Wheelbarrow
23:19 Scale Mail Armor
24:23 Bodkin Arrow
24:28 Stone Mining
26:31 Squires
26:16 Arson
26:44 Forging
26:50 Chain Mail Armor
27:48 Ballistics
27:30 Treadmill Crane
28:28 Iron Casting
28:41 Masonry
28:38 Heavy Plow
34:51 Imperial Age
32:07 Town Watch
32:42 Hand Cart
33:47 Szlachta Privileges
34:05 Scale Barding Armor
34:13 Fortified Wall
34:35 Bloodlines
34:11 Light Cavalry
36:11 Hoardings
36:04 Conscription
35:56 Husbandry
35:54 Winged Hussar
37:14 Fervor
37:25 Sanctity
38:22 Murder Holes
39:28 Chemistry
38:34 Siege Engineers
45:24 Pikeman
46:25 Block Printing
46:46 Theocracy
46:12 Devotion
46:22 Redemption
46:50 Plate Mail Armor
47:21 Blast Furnace
46:21 Bracer
47:00 Bombard Tower
52:34 Redemption
Bukele
RexConquistadorLex
9:51 Loom
11:37 Feudal Age
13:00 Double-Bit Axe
13:02 Horse Collar
15:12 Town Watch
17:27 Castle Age
16:17 Gold Mining
17:12 Stone Mining
17:34 Scale Barding Armor
23:29 Heavy Plow
24:26 Fletching
26:39 Bow Saw
26:59 Husbandry
28:48 Bloodlines
31:26 Forging
31:39 Chain Barding Armor
33:58 Imperial Age
33:08 Wheelbarrow
33:08 Fortified Wall
33:26 Fervor
35:00 Redemption
35:41 Sanctity
36:18 Cavalier
37:42 Plate Barding Armor
38:10 Block Printing
39:05 Iron Casting
40:41 Illumination
39:53 Light Cavalry
40:51 Masonry
43:08 Architecture
44:20 Blast Furnace
44:23 Stone Shaft Mining
44:52 Two-Man Saw
44:10 Hand Cart
44:20 Ballistics
45:01 Chemistry
44:04 Padded Archer Armor
45:31 Paladin
46:12 Bodkin Arrow
48:48 Theocracy
47:45 Elite Conquistador
48:45 Conscription
49:03 Hoardings
49:35 Inquisition
49:40 Atonement
50:22 Town Patrol
51:06 Coinage
50:47 Guilds
50:38 Caravan
50:58 Leather Archer Armor
50:44 Bracer
51:50 Herbal Medicine
52:52 Supremacy
52:03 Sappers
54:07 Devotion
BS | DESTRAKER
10:32 Feudal Age
11:17 Horse Collar
11:24 Double-Bit Axe
16:17 Castle Age
14:56 Gold Mining
17:17 Bow Saw
19:54 Wheelbarrow
19:09 Loom
19:09 Town Watch
20:21 Heavy Plow
22:40 Fortified Wall
22:52 Stone Mining
26:47 Hand Cart
31:12 Imperial Age
29:52 Fletching
30:12 Forging
30:09 Scale Barding Armor
30:33 Masonry
31:46 Szlachta Privileges
32:30 Iron Casting
32:12 Bloodlines
32:03 Husbandry
31:37 Elite Obuch
32:25 Szlachta Privileges
32:42 Lechitic Legacy
33:36 Chain Barding Armor
33:40 Cavalier
35:35 Crop Rotation
37:35 Light Cavalry
39:30 Blast Furnace
38:25 Bodkin Arrow
39:52 Winged Hussar
40:54 Bracer
40:58 Scale Mail Armor
41:00 Caravan
42:45 Elite Obuch
44:01 Hoardings
46:23 Thumb Ring
47:45 Chemistry
46:08 Capped Ram
47:38 Fervor
47:48 Sanctity
47:05 Elite Skirmisher
47:06 Crossbowman
53:10 Coinage
Leo Javier
10:40 Feudal Age
11:39 Double-Bit Axe
16:03 Castle Age
17:07 Bow Saw
20:28 Wheelbarrow
20:48 Horse Collar
22:33 Heavy Plow
23:48 Fervor
27:09 Stone Mining
27:47 Hand Cart
30:52 Imperial Age
28:53 Loom
29:21 Scale Barding Armor
29:46 Gold Mining
30:05 Fletching
31:04 Corvinian Army
31:22 Husbandry
31:33 Bloodlines
31:47 Chain Barding Armor
31:07 Elite Magyar Huszar
33:08 Plate Barding Armor
33:01 Conscription
33:22 Bodkin Arrow
34:14 Parthian Tactics
34:31 Bracer
35:21 Town Watch
35:51 Padded Archer Armor
36:29 Ballistics
37:32 Thumb Ring
37:30 Recurve Bow
37:24 Heavy Cavalry Archer
38:27 Leather Archer Armor
39:21 Chemistry
39:51 Ring Archer Armor
40:58 Crop Rotation
51:04 Spies/Treason
51:15 Spies/Treason
Sophie_J
10:29 Feudal Age
14:13 Castle Age
12:19 Double-Bit Axe
17:07 Loom
18:35 Horse Collar
21:41 Wheelbarrow
22:22 Gold Mining
22:26 Stone Mining
23:15 Hand Cart
23:37 Town Watch
29:05 Imperial Age
27:38 Stone Shaft Mining
27:07 Heavy Plow
27:18 Bow Saw
27:23 Scale Barding Armor
27:18 Scale Mail Armor
27:29 Forging
27:06 Arson
28:47 Murder Holes
29:15 Chain Barding Armor
29:10 Chain Mail Armor
29:07 Bloodlines
28:18 Light Cavalry
29:26 Husbandry
30:45 Two-Man Saw
30:06 Guilds
30:15 Cavalier
30:17 Pikeman
30:57 Squires
31:36 Masonry
32:03 Plate Barding Armor
32:12 Savar
33:54 Architecture
34:07 Crop Rotation
35:51 Iron Casting
35:46 Plate Mail Armor
34:53 Capped Ram
37:19 Conscription
36:21 Elite War Elephant
37:12 Citadels
37:03 Light Cavalry
37:33 Siege Ram
39:02 Hoardings
40:35 Halberdier
42:31 Hussar
50:44 Spies/Treason
Connection lost

Rejoining the realm…

Still unreachable

The connection could not be restored.

Session expired

The server has moved on; the page needs a fresh start.